[Event "10th LBHM Open 2024"]
[Site "Pune"]
[Date "2024.05.21"]
[Round "1.1"]
[White "Aashman Adhiraj Naik Desai"]
[Black "Ghosh, Diptayan"]
[Result "0-1"]
[ECO "D00"]
[WhiteElo "1560"]
[BlackElo "2564"]
[PlyCount "98"]
[EventDate "2024.05.21"]
[EventType "swiss"]
[EventCountry "IND"]
[TimeControl "5400+30"]

1. d4 Nf6 2. Bf4 d5 3. e3 c5 4. c3 Nc6 5. Nd2 Bf5 6. Ngf3 e6 7. Be2 Be7 8. O-O O-O 9. Ne5 Nxe5 10. Bxe5 Nd7 11. Bg3 a6 12. a4 h6 13. Nf3 Qb6 14. Qc1 Rfc8 15. a5 Qd8 16. Qd2 Nf6 17. Bd3 Ne4 18. Bxe4 Bxe4 19. Qe2 c4 20. Rfe1 Qe8 21. Ne5 f6 22. f3 Bh7 23. Ng4 Bd3 24. Qd2 Bf5 25. Nf2 Bh7 26. e4 Qb5 27. Qe2 Bf8 28. Nh3 Re8 29. Bc7 e5 30. Nf2 exd4 31. cxd4 Rac8 32. Bb6 Rc6 33. Qc2 Rce6 34. Re2 Bd6 35. Qa4 dxe4 36. fxe4 Bxe4 37. Nxe4 Rxe4 38. Rxe4 Rxe4 39. Qc2 f5 40. Rc1 Kh7 41. Qf2 Qd5 42. Rxc4 Rf4 43. Qc2 Qe6 44. Qc3 Qe2 45. Qc1 Rf2 46. Rc2 Rxg2+ 47. Kh1 Rxh2+ 48. Kg1 Qg4+ 49. Kf1 Qf3+ 0-1

[Event "10th LBHM Open 2024"]
[Site "Pune"]
[Date "2024.05.21"]
[Round "1.2"]
[White "Aronyak Ghosh"]
[Black "Das Prashanti Kumar"]
[Result "1-0"]
[ECO "E60"]
[WhiteElo "2536"]
[BlackElo "1560"]
[PlyCount "79"]
[EventDate "2024.05.21"]
[EventType "swiss"]
[EventCountry "IND"]
[TimeControl "5400+30"]

1. c4 c5 2. Nf3 Nf6 3. g3 g6 4. Bg2 Bg7 5. d4 cxd4 6. Nxd4 O-O 7. Nc3 Qb6 8. O-O Ng4 9. e3 d6 10. b3 Na6 11. Bb2 Ne5 12. Qe2 Nb4 13. Rad1 Bg4 14. f3 Bd7 15. h3 Nec6 16. Kh2 Rad8 17. f4 e5 18. Ndb5 exf4 19. exf4 Rfe8 20. Qd2 Bf5 21. a3 Nd3 22. Nd5 Nxb2 23. Nxb6 Nxd1 24. Nd5 Nb2 25. Nbc3 Bd3 26. Rf2 Bd4 27. Qxb2 Re1 28. Qd2 Bxf2 29. Qxf2 Re6 30. Qd2 Bf5 31. g4 Kg7 32. gxf5 gxf5 33. Ne3 Ne7 34. Ncd5 Kg6 35. Nxe7+ Rxe7 36. Qf2 f6 37. Qg3+ Kf7 38. Nxf5 Re2 39. Qg7+ Ke8 40. Qg8+ 1-0

[Event "10th LBHM Open 2024"]
[Site "Pune"]
[Date "2024.05.21"]
[Round "1.3"]
[White "Koli Aditya"]
[Black "Neelash Saha"]
[Result "0-1"]
[ECO "B15"]
[WhiteElo "1559"]
[BlackElo "2483"]
[PlyCount "104"]
[EventDate "2024.05.21"]
[EventType "swiss"]
[EventCountry "IND"]
[TimeControl "5400+30"]

1. e4 c6 2. d4 d5 3. Nc3 dxe4 4. Nxe4 Nf6 5. Nxf6+ exf6 6. c3 Bd6 7. Bd3 O-O 8. Qc2 Re8+ 9. Ne2 h5 10. O-O h4 11. h3 Nd7 12. Bd2 Nf8 13. Rae1 Ne6 14. Bh7+ Kh8 15. Bf5 Ng5 16. Nf4 Bd7 17. Rxe8+ Bxe8 18. Ne2 g6 19. Bd3 Ne6 20. Qb3 Bc7 21. f4 Qd6 22. Qd1 Kg7 23. Qe1 c5 24. Qxh4 Bc6 25. Be3 Qd5 26. Qf2 c4 27. Bc2 Rh8 28. Ng3 f5 29. b3 b5 30. Qd2 Rh4 31. Bd1 Nxf4 32. Bf3 Qd6 33. Bxc6 Nxh3+ 34. gxh3 Qxg3+ 35. Bg2 Qh2+ 36. Kf2 f4 37. Ke1 fxe3 38. Qe2 Bg3+ 39. Kd1 Bf2 40. Qf3 cxb3 41. axb3 b4 42. Qd5 bxc3 43. Kc2 Qf4 44. Kxc3 e2 45. Rxf2 e1=Q+ 46. Kc4 Qexf2 47. Kb5 Rh5 48. Kc6 Rxd5 49. Bxd5 Q2xd4 50. Bc4 Qb6+ 51. Kd7 Qfc7+ 52. Ke8 Qbb8# 0-1

[Event "10th LBHM Open 2024"]
[Site "Pune"]
[Date "2024.05.21"]
[Round "1.4"]
[White "Nitin, S.."]
[Black "Garv Devnani"]
[Result "1-0"]
[ECO "C49"]
[WhiteElo "2356"]
[BlackElo "1536"]
[PlyCount "69"]
[EventDate "2024.05.21"]
[EventType "swiss"]
[EventCountry "IND"]
[TimeControl "5400+30"]

1. e4 e5 2. Nf3 Nc6 3. Nc3 Nf6 4. Bb5 Bb4 5. O-O O-O 6. d3 d6 7. Ne2 Ne7 8. c3 Ba5 9. Ng3 Ng6 10. d4 Bb6 11. Re1 Bg4 12. h3 Bxf3 13. gxf3 c6 14. Bf1 Nd7 15. Be3 Qf6 16. Bg2 Nh4 17. dxe5 Nxe5 18. f4 Bxe3 19. fxe3 Qg6 20. Kh2 Nxg2 21. Kxg2 Nd7 22. Qg4 Nf6 23. Qxg6 hxg6 24. Rad1 Rad8 25. c4 Rfe8 26. Kf3 Re6 27. e5 Ne8 28. Ne4 Kf8 29. Rd2 f6 30. exf6 Nxf6 31. Ng5 Re7 32. e4 d5 33. Kf2 d4 34. e5 Ne8 35. Rh1 1-0

[Event "10th LBHM Open 2024"]
[Site "Pune"]
[Date "2024.05.21"]
[Round "1.5"]
[White "Limkar Varad Laxman"]
[Black "Laxman, R.R."]
[Result "0-1"]
[ECO "C47"]
[WhiteElo "1549"]
[BlackElo "2336"]
[PlyCount "120"]
[EventDate "2024.05.21"]
[EventType "swiss"]
[EventCountry "IND"]
[TimeControl "5400+30"]

1. e4 e5 2. Nf3 Nc6 3. d4 exd4 4. Nxd4 Nf6 5. Nc3 Bb4 6. Nxc6 bxc6 7. Bd3 d5 8. exd5 cxd5 9. O-O O-O 10. Bg5 c6 11. Qf3 Be7 12. Rfe1 Re8 13. h3 Be6 14. Ne2 h6 15. Bh4 Rb8 16. Nd4 Bd7 17. Nf5 Bxf5 18. Qxf5 g6 19. Qf4 Nh5 20. Bxe7 Nxf4 21. Bxd8 Rbxd8 22. Bf1 Kf8 23. g3 Ne6 24. Rad1 Nc5 25. Bg2 Na4 26. b3 Nc3 27. Rxe8+ Rxe8 28. Rd3 Re1+ 29. Kh2 Nxa2 30. c4 Nc1 31. Re3 Rxe3 32. fxe3 Nxb3 33. cxd5 c5 34. Be4 Nd2 35. Bd3 c4 36. Be2 c3 37. Bd3 Nf1+ 38. Kg2 c2 39. Bxc2 Nxe3+ 40. Kf3 Nxc2 41. Ke4 a5 42. Kd3 Nb4+ 43. Kc4 Ke7 44. Kb5 Nxd5 45. Kxa5 f5 46. Kb5 g5 47. Kc4 Ke6 48. Kd4 f4 49. gxf4 Nxf4 50. h4 g4 51. Ke4 Nh5 52. Ke3 Kf5 53. Kf2 Kf4 54. Kg2 g3 55. Kg1 Kf3 56. Kf1 g2+ 57. Kg1 Nf4 58. h5 Ne2+ 59. Kh2 g1=Q+ 60. Kh3 Qh1# 0-1

[Event "10th LBHM Open 2024"]
[Site "Pune"]
[Date "2024.05.21"]
[Round "1.6"]
[White "Ratnakaran, K.."]
[Black "Parte Shravan"]
[Result "1-0"]
[ECO "C00"]
[WhiteElo "2275"]
[BlackElo "1555"]
[PlyCount "113"]
[EventDate "2024.05.21"]
[EventType "swiss"]
[EventCountry "IND"]
[TimeControl "5400+30"]

1. e4 e6 2. d3 d5 3. Nd2 c5 4. Qe2 Nc6 5. c3 b6 6. exd5 Qxd5 7. Ngf3 Nf6 8. Nc4 Be7 9. g4 b5 10. g5 Nd7 11. Ne3 Qd6 12. Bg2 Bb7 13. O-O O-O 14. a4 a6 15. Rd1 Qc7 16. Ng4 Bd6 17. axb5 axb5 18. Rxa8 Rxa8 19. h4 Ne7 20. d4 c4 21. h5 Bf4 22. Nfe5 Bxc1 23. Bxb7 Qxb7 24. Rxc1 Nxe5 25. Nxe5 Qd5 26. h6 Ng6 27. hxg7 Kxg7 28. Re1 Nxe5 29. Qxe5+ Qxe5 30. Rxe5 Rb8 31. Kg2 Rb6 32. f4 Kg6 33. Kf3 h5 34. Rc5 Rb7 35. Kg3 Rb8 36. Kh4 Rb6 37. d5 Rd6 38. dxe6 fxe6 39. Rxb5 Rd2 40. Re5 Rd6 41. Re4 Rc6 42. Rd4 Rc7 43. Rd8 Rf7 44. Rg8+ Kf5 45. g6 Rf6 46. Kxh5 Kxf4 47. g7 Rf5+ 48. Kh4 e5 49. Rf8 e4 50. g8=Q Rxf8 51. Qxf8+ Ke3 52. Qd6 Kf3 53. Qd5 Kf4 54. Qxc4 Kf3 55. Kg5 e3 56. Qf1+ Ke4 57. Qf5# 1-0

[Event "10th LBHM Open 2024"]
[Site "Pune"]
[Date "2024.05.21"]
[Round "1.7"]
[White "Aaryavrat Rasiket Naik Desai"]
[Black "Roy Chowdhury, Saptarshi"]
[Result "0-1"]
[ECO "A45"]
[WhiteElo "1562"]
[BlackElo "2249"]
[PlyCount "102"]
[EventDate "2024.05.21"]
[EventType "swiss"]
[EventCountry "IND"]
[TimeControl "5400+30"]

1. d4 Nf6 2. Bf4 d6 3. Nc3 Nbd7 4. e4 e5 5. dxe5 dxe5 6. Be3 Bb4 7. Bd3 O-O 8. Nf3 c6 9. O-O Re8 10. Qe2 Bxc3 11. bxc3 Qa5 12. Bd2 Nc5 13. h3 h6 14. Rfd1 Qc7 15. Qe3 b6 16. Bc1 Ne6 17. Qe2 Bb7 18. Nh4 Rad8 19. Nf5 c5 20. c4 Nf4 21. Qf3 Nxe4 22. Bxf4 exf4 23. Qg4 g6 24. Nxh6+ Kf8 25. Qh4 Qe5 26. Re1 Qg5 27. Qxg5 Nxg5 28. h4 Ne6 29. Ng4 Kg7 30. Ne5 Rd6 31. Rad1 Nd4 32. c3 Nf5 33. Bxf5 Rxe5 34. Bc2 Rxd1 35. Rxd1 Re2 36. Bb3 Bc8 37. Rd8 Be6 38. Ra8 a5 39. Rb8 Rb2 40. Rd8 a4 41. Bxa4 Bxc4 42. Ra8 Rxa2 43. Bc6 Rxa8 44. Bxa8 b5 45. Be4 b4 46. cxb4 cxb4 47. f3 b3 48. Kf2 b2 49. Bb1 Be6 50. g4 fxg3+ 51. Kxg3 Bf5 0-1

[Event "10th LBHM Open 2024"]
[Site "Pune"]
[Date "2024.05.21"]
[Round "1.8"]
[White "Dere Pushkar"]
[Black "Ishaan Kandi"]
[Result "1-0"]
[ECO "B22"]
[WhiteElo "2209"]
[BlackElo "1551"]
[PlyCount "49"]
[EventDate "2024.05.21"]
[EventType "swiss"]
[EventCountry "IND"]
[TimeControl "5400+30"]

1. e4 c5 2. c3 Nf6 3. e5 Nd5 4. Nf3 d6 5. Bb5+ Bd7 6. Bc4 Nb6 7. Bb3 e6 8. O-O Nc6 9. d4 c4 10. Bc2 dxe5 11. dxe5 Qc7 12. Qe2 Be7 13. Nbd2 Nb8 14. Ne4 Bc6 15. Bf4 Bxe4 16. Bxe4 Nd5 17. Bg3 Qc5 18. Rad1 O-O 19. Bb1 Nc6 20. Nd2 b5 21. Ne4 Qb6 22. Qh5 g6 23. Qh6 Qd8 24. Bf4 Qc8 25. Rxd5 1-0

[Event "10th LBHM Open 2024"]
[Site "Pune"]
[Date "2024.05.21"]
[Round "1.9"]
[White "Yati Agarwal"]
[Black "Md Imran"]
[Result "0-1"]
[ECO "B13"]
[WhiteElo "1553"]
[BlackElo "2184"]
[PlyCount "136"]
[EventDate "2024.05.21"]
[EventType "swiss"]
[EventCountry "IND"]
[TimeControl "5400+30"]

1. e4 c6 2. d4 d5 3. exd5 cxd5 4. Bd3 Nc6 5. c3 Qc7 6. Ne2 Bg4 7. O-O e6 8. Qe1 Nf6 9. h3 Bh5 10. Bf4 Bd6 11. Bxd6 Qxd6 12. Ng3 Bg6 13. Qe2 O-O 14. f4 Ne7 15. Qf3 Qb6 16. b3 Rac8 17. Bxg6 hxg6 18. Nd2 Nf5 19. Qd3 Rc7 20. Ne2 Rfc8 21. c4 dxc4 22. bxc4 Qa6 23. Rf3 b6 24. Qa3 Qxa3 25. Rxa3 Nd6 26. Kf2 Nfe4+ 27. Nxe4 Nxe4+ 28. Ke3 Nd6 29. Kd3 Nxc4 30. Rb3 Kf8 31. Rc3 Nb2+ 32. Kd2 Rxc3 33. Nxc3 Rc4 34. Ne2 Rc8 35. Nc3 Ke7 36. Re1 Rc4 37. Ne2 a6 38. Rb1 Na4 39. Kd3 b5 40. Rb3 Kd6 41. Ng3 Kd5 42. Ne2 b4 43. f5 e5 44. dxe5 Nc5+ 45. Kd2 Nxb3+ 46. axb3 Re4 47. f6 gxf6 48. exf6 a5 49. Kd3 Re8 50. g4 Rh8 51. Ng1 Ke5 52. g5 Kf4 53. Ne2+ Kxg5 54. Kc4 Rxh3 55. Kb5 Rxb3 56. Kxa5 Re3 57. Nd4 b3 58. Nxb3 Rxb3 59. Ka4 Rb8 60. Ka5 Kxf6 61. Ka6 g5 62. Ka7 Rb1 63. Ka6 g4 64. Ka5 g3 65. Ka4 g2 66. Ka3 g1=R 67. Ka2 Rb5 68. Ka3 Ra1# 0-1

[Event "10th LBHM Open 2024"]
[Site "Pune"]
[Date "2024.05.21"]
[Round "1.10"]
[White "Koustuv Dash"]
[Black "Kanishk Sagar Sawant"]
[Result "1-0"]
[ECO "A84"]
[WhiteElo "2133"]
[BlackElo "1554"]
[PlyCount "41"]
[EventDate "2024.05.21"]
[EventType "swiss"]
[EventCountry "IND"]
[TimeControl "5400+30"]

1. d4 b6 2. c4 e6 3. Nc3 Bb7 4. Nf3 Bb4 5. Bd2 f5 6. g3 Nf6 7. Bg2 O-O 8. O-O Be7 9. d5 exd5 10. cxd5 Ne4 11. Nd4 Bf6 12. Bf4 Nxc3 13. bxc3 Bxd4 14. d6 Bxf2+ 15. Rxf2 c6 16. e4 c5 17. exf5 Bxg2 18. Kxg2 Rxf5 19. g4 Rf8 20. Qd5+ Kh8 21. Qxa8 1-0

[Event "10th LBHM Open 2024"]
[Site "Pune"]
[Date "2024.05.21"]
[Round "2.1"]
[White "Ghosh, Diptayan"]
[Black "Aadya Ranganath"]
[Result "1-0"]
[ECO "B07"]
[WhiteElo "2564"]
[BlackElo "1667"]
[PlyCount "129"]
[EventDate "2024.05.21"]
[EventType "swiss"]
[EventCountry "IND"]
[TimeControl "5400+30"]

1. Nf3 Nf6 2. g3 g6 3. Bg2 Bg7 4. d4 O-O 5. O-O d6 6. Re1 Nbd7 7. e4 e5 8. Nc3 Re8 9. h3 exd4 10. Nxd4 Nc5 11. Nb3 Nxb3 12. axb3 a6 13. Be3 c6 14. Qd2 Be6 15. Rad1 d5 16. Bg5 Qc7 17. Bf4 Qa5 18. exd5 Nxd5 19. Nxd5 Qxd2 20. Rxd2 Bxd5 21. Rxe8+ Rxe8 22. Bxd5 cxd5 23. c3 Rd8 24. Be3 f5 25. Kf1 Kf7 26. Ke2 Ke6 27. Kd3 Rc8 28. Re2 Kf7 29. Bd4 Bh6 30. Re5 Rd8 31. b4 Bf8 32. Bc5 Bd6 33. Bxd6 Rxd6 34. Kd4 b5 35. b3 h5 36. h4 Rc6 37. f3 Re6 38. Kxd5 Rb6 39. f4 Rb8 40. Re3 Rc8 41. Kd6 Rd8+ 42. Kc6 Rd1 43. c4 bxc4 44. bxc4 Rd4 45. Kc5 Rd1 46. b5 axb5 47. cxb5 Rc1+ 48. Kd6 Rb1 49. Kc6 Rc1+ 50. Kb7 Rc4 51. b6 Re4 52. Rc3 Ke7 53. Kc7 Ke8 54. b7 Re7+ 55. Kc8 Rxb7 56. Kxb7 Ke7 57. Kc6 Ke6 58. Re3+ Kf6 59. Kd6 g5 60. hxg5+ Kg6 61. Ke5 h4 62. gxh4 Kh5 63. Kxf5 Kxh4 64. Rd3 Kh5 65. Rh3# 1-0

[Event "10th LBHM Open 2024"]
[Site "Pune"]
[Date "2024.05.21"]
[Round "2.2"]
[White "Gaurang Bhandari"]
[Black "Aronyak Ghosh"]
[Result "0-1"]
[ECO "B15"]
[WhiteElo "1670"]
[BlackElo "2536"]
[PlyCount "92"]
[EventDate "2024.05.21"]
[EventType "swiss"]
[EventCountry "IND"]
[TimeControl "5400+30"]

1. e4 c6 2. Nf3 d5 3. Nc3 g6 4. d4 Bg7 5. exd5 cxd5 6. Bf4 Nf6 7. Bd3 Nc6 8. O-O Bg4 9. Be2 e6 10. h3 Bxf3 11. Bxf3 Qb6 12. Be3 Qxb2 13. Na4 Qa3 14. Nc5 b6 15. Nd3 Rc8 16. Qd2 O-O 17. Rfb1 Na5 18. Ne5 Nc4 19. Nxc4 Rxc4 20. Rb3 Qd6 21. c3 Rfc8 22. Rc1 Ne4 23. Bxe4 dxe4 24. a3 Qd5 25. Rb4 b5 26. Rxc4 Rxc4 27. Qb2 a6 28. Rc2 Bf8 29. Qa2 Ra4 30. Bc1 Qxa2 31. Rxa2 a5 32. Kf1 b4 33. Bb2 bxa3 34. Ba1 f5 35. Ke2 Kf7 36. Kd1 Rc4 37. Kc2 a4 38. Kb1 e5 39. Rd2 exd4 40. cxd4 Bb4 41. Rd1 a2+ 42. Kxa2 Rc2+ 43. Kb1 Rxf2 44. d5 e3 45. Bd4 e2 46. Rc1 Rf1 0-1

[Event "10th LBHM Open 2024"]
[Site "Pune"]
[Date "2024.05.21"]
[Round "2.3"]
[White "Neelash Saha"]
[Black "Narendra Agarwal"]
[Result "1-0"]
[ECO "A06"]
[WhiteElo "2483"]
[BlackElo "1667"]
[PlyCount "87"]
[EventDate "2024.05.21"]
[EventType "swiss"]
[EventCountry "IND"]
[TimeControl "5400+30"]

1. Nf3 Nf6 2. e3 e6 3. b3 d5 4. Bb2 c5 5. Bb5+ Bd7 6. c4 Bxb5 7. cxb5 Nbd7 8. O-O Be7 9. Qe2 O-O 10. d3 a6 11. bxa6 Rxa6 12. Nbd2 Qb8 13. d4 Rc8 14. Rfc1 Rac6 15. a3 cxd4 16. Rxc6 bxc6 17. exd4 c5 18. dxc5 Bxc5 19. b4 Bd6 20. Nf1 e5 21. Rd1 d4 22. Ng3 g6 23. Ng5 Bf8 24. f4 exf4 25. N3e4 Nxe4 26. Qxe4 Qe5 27. Qxd4 Qxd4+ 28. Bxd4 Ra8 29. Rd3 f6 30. Ne6 Bd6 31. Bb2 Be5 32. Bxe5 Nxe5 33. Rc3 g5 34. b5 Kf7 35. Nd4 Ke7 36. b6 Rb8 37. Nc6+ Nxc6 38. Rxc6 Kd7 39. Rxf6 Kc8 40. Rf8+ Kb7 41. Rxb8+ Kxb8 42. a4 Kb7 43. a5 h5 44. h3 1-0

[Event "10th LBHM Open 2024"]
[Site "Pune"]
[Date "2024.05.21"]
[Round "2.4"]
[White "Kadam Arnav"]
[Black "Nitin, S.."]
[Result "0-1"]
[ECO "B51"]
[WhiteElo "1670"]
[BlackElo "2356"]
[PlyCount "102"]
[EventDate "2024.05.21"]
[EventType "swiss"]
[EventCountry "IND"]
[TimeControl "5400+30"]

1. e4 c5 2. Nf3 d6 3. Bb5+ Nd7 4. c4 a6 5. Ba4 Ngf6 6. Nc3 e6 7. O-O Be7 8. d4 cxd4 9. Nxd4 O-O 10. Kh1 Qc7 11. Qe2 Ne5 12. Bb3 b6 13. f4 Ned7 14. f5 Nc5 15. fxe6 fxe6 16. Bc2 a5 17. Bd2 Bd7 18. b3 Be8 19. Ncb5 Qb8 20. a3 Bh5 21. Qe1 Bg6 22. e5 dxe5 23. Nc6 Qb7 24. Nxe7+ Qxe7 25. Bxg6 hxg6 26. Rb1 Nfe4 27. Be3 Rf5 28. g4 Rxf1+ 29. Qxf1 Rf8 30. Qg2 Qh4 31. b4 axb4 32. axb4 Nf2+ 33. Bxf2 Rxf2 34. Qg3 Qxg3 35. hxg3 Ne4 36. Re1 Nxg3+ 37. Kg1 Rf4 38. Rxe5 Rxc4 39. Rxe6 Rxg4 40. Rxb6 Nf5+ 41. Kf2 Rxb4 42. Rb8+ Kh7 43. Rb7 Kh6 44. Kf1 Rb3 45. Kf2 g5 46. Nd6 Rxb7 47. Nxb7 g4 48. Nc5 Kg5 49. Ne4+ Kf4 50. Nd2 g3+ 51. Kg2 Nh4+ 0-1

[Event "10th LBHM Open 2024"]
[Site "Pune"]
[Date "2024.05.21"]
[Round "2.5"]
[White "Laxman, R.R."]
[Black "Yug Amit Sonigara"]
[Result "1-0"]
[ECO "E02"]
[WhiteElo "2336"]
[BlackElo "1664"]
[PlyCount "141"]
[EventDate "2024.05.21"]
[EventType "swiss"]
[EventCountry "IND"]
[TimeControl "5400+30"]

1. d4 d5 2. Nf3 Nf6 3. c4 e6 4. g3 Be7 5. Bg2 O-O 6. O-O dxc4 7. Qa4 Nbd7 8. Qxc4 c5 9. dxc5 Nxc5 10. Be3 Na6 11. Nc3 Qc7 12. Qxc7 Nxc7 13. Rac1 Ncd5 14. Nxd5 Nxd5 15. Bc5 Bxc5 16. Rxc5 b6 17. Rc2 Bb7 18. a3 Rac8 19. Rfc1 Ne7 20. Nd4 Bxg2 21. Kxg2 Rxc2 22. Rxc2 Rc8 23. Rxc8+ Nxc8 24. Kf3 Kf8 25. e4 Ke7 26. e5 Kd7 27. Ke4 f5+ 28. Kd3 a6 29. b4 Na7 30. f4 Nc6 31. Nf3 b5 32. Kc3 h6 33. Nd2 Nd8 34. Nb3 Nb7 35. Nd4 Nd8 36. h3 h5 37. Nb3 Nb7 38. Kd4 Kc6 39. Nc1 Kb6 40. Nd3 Kc6 41. Nf2 Kd7 42. Nd3 Kc6 43. Ne1 Nd8 44. Nf3 Nf7 45. Kd3 Kd5 46. Nh4 Nh8 47. Ng2 Nf7 48. Ne3+ Kc6 49. Kd4 Nd8 50. Ng2 Nf7 51. Nh4 Nh8 52. Ke3 Kd5 53. Kd3 Kc6 54. Nf3 Ng6 55. h4 Nf8 56. Kd4 Nh7 57. Kc3 Kb6 58. Kb3 Kb7 59. a4 Kb6 60. a5+ Kb7 61. Kc3 Kc7 62. Kd3 Kd7 63. Nd4 Nf8 64. Nb3 Kc6 65. Nc5 g6 66. Kd4 Kc7 67. Nxa6+ Kc6 68. Nc5 Kc7 69. Kd3 Kc6 70. Nb3 Kc7 71. Nd4 1-0

[Event "10th LBHM Open 2024"]
[Site "Pune"]
[Date "2024.05.21"]
[Round "2.6"]
[White "Aaradhya Jain"]
[Black "Ratnakaran, K.."]
[Result "0-1"]
[ECO "A56"]
[WhiteElo "1666"]
[BlackElo "2275"]
[PlyCount "92"]
[EventDate "2024.05.21"]
[EventType "swiss"]
[EventCountry "IND"]
[TimeControl "5400+30"]

1. d4 Nf6 2. c4 c5 3. d5 e5 4. Nc3 d6 5. e4 a6 6. Nf3 g6 7. Be2 Bg7 8. O-O Nbd7 9. a4 O-O 10. Ne1 Ne8 11. f4 f5 12. Nd3 Qe7 13. Qc2 fxe4 14. Nxe4 exf4 15. Nxf4 Bd4+ 16. Kh1 Ng7 17. Nh3 Rxf1+ 18. Bxf1 Nf6 19. Nhg5 Bf5 20. Bd3 Nxe4 21. Bxe4 Bxe4 22. Qxe4 Qxe4 23. Nxe4 Re8 24. Bf4 Rxe4 25. Bxd6 Nf5 26. Bc7 Bxb2 27. Rb1 Be5 28. Ba5 Rxc4 29. g3 Rxa4 30. Bb6 c4 31. g4 Nd6 32. Re1 Ra1 33. Rxa1 Bxa1 34. Bc5 Be5 35. Kg2 c3 36. Kf3 Nc4 37. Be3 c2 38. d6 Nxe3 39. d7 Bc7 40. d8=Q+ Bxd8 41. Kxe3 c1=Q+ 42. Ke4 Qc4+ 43. Ke5 Bc7+ 44. Kf6 Qf7+ 45. Kg5 Bd8+ 46. Kh6 Qf8# 0-1

[Event "10th LBHM Open 2024"]
[Site "Pune"]
[Date "2024.05.21"]
[Round "2.7"]
[White "Roy Chowdhury, Saptarshi"]
[Black "Maniar Hriday"]
[Result "1-0"]
[ECO "B10"]
[WhiteElo "2249"]
[BlackElo "1665"]
[PlyCount "77"]
[EventDate "2024.05.21"]
[EventType "swiss"]
[EventCountry "IND"]
[TimeControl "5400+30"]

1. e4 c6 2. d3 d5 3. Nd2 dxe4 4. dxe4 e5 5. Ngf3 Bg4 6. Bc4 Qe7 7. a4 Nd7 8. c3 Ngf6 9. O-O Rd8 10. Re1 Nb6 11. Bb3 a5 12. Qc2 h6 13. h3 Bc8 14. Nf1 Qc7 15. Ng3 g6 16. Be3 c5 17. Qc1 Bg7 18. Ba2 Nbd7 19. Bc4 b6 20. Nh4 Kf8 21. Qc2 Nb8 22. Rad1 Nc6 23. Qb3 Ne8 24. Rxd8 Nxd8 25. Rd1 Nd6 26. Bd5 Ne6 27. Nxg6+ fxg6 28. Bxe6 Ke7 29. Bd5 Rf8 30. Qa3 Rd8 31. b3 Bb7 32. Qc1 Nf7 33. c4 Bc8 34. h4 Qd6 35. Rd2 Qf6 36. Bxf7 Rxd2 37. Qxd2 Kxf7 38. Bxh6 Ke7 39. Bg5 1-0

[Event "10th LBHM Open 2024"]
[Site "Pune"]
[Date "2024.05.21"]
[Round "2.8"]
[White "Hardik Shah"]
[Black "Dere Pushkar"]
[Result "0-1"]
[ECO "A00"]
[WhiteElo "1664"]
[BlackElo "2209"]
[PlyCount "99"]
[EventDate "2024.05.21"]
[EventType "swiss"]
[EventCountry "IND"]
[TimeControl "5400+30"]

1. b4 e5 2. Bb2 Bxb4 3. Bxe5 Nf6 4. c3 Be7 5. g3 Nc6 6. Bxf6 Bxf6 7. Bg2 d5 8. d4 O-O 9. Nf3 Bf5 10. Nbd2 Re8 11. O-O Qd7 12. Nb3 b6 13. h4 h6 14. a4 a5 15. Nc1 Rad8 16. Nd3 Qe7 17. Ra2 g5 18. Qd2 Kg7 19. Nde5 Bxe5 20. dxe5 gxh4 21. Nxh4 Qxe5 22. Qe3 Bg4 23. Qxe5+ Nxe5 24. Rd1 c6 25. Rd4 Be6 26. f4 c5 27. Rd1 Ng4 28. f5 Ne3 29. Rb1 Bxf5 30. Rxb6 Be6 31. Ra1 Rb8 32. Rb5 Rxb5 33. axb5 Nc4 34. e4 d4 35. cxd4 cxd4 36. Bf1 Rd8 37. Bxc4 Bxc4 38. Ra4 Bxb5 39. Rxa5 Be2 40. Kf2 d3 41. Nf5+ Kf6 42. Ne3 h5 43. Nd5+ Kg7 44. Ke3 Rd6 45. Ra2 Rg6 46. Kf2 Re6 47. Nc3 Rf6+ 48. Kg2 Bf3+ 49. Kg1 Rc6 50. Nd5 0-1

[Event "10th LBHM Open 2024"]
[Site "Pune"]
[Date "2024.05.21"]
[Round "2.9"]
[White "Md Imran"]
[Black "Rishen Jilowa"]
[Result "1-0"]
[ECO "A45"]
[WhiteElo "2184"]
[BlackElo "1669"]
[PlyCount "137"]
[EventDate "2024.05.21"]
[EventType "swiss"]
[EventCountry "IND"]
[TimeControl "5400+30"]

1. d4 Nf6 2. Bg5 g6 3. Bxf6 exf6 4. h4 Bg7 5. g3 d5 6. e3 c6 7. Nd2 O-O 8. Bg2 Qb6 9. Qc1 Re8 10. Ne2 Bg4 11. Bf3 Bxf3 12. Nxf3 Nd7 13. O-O f5 14. Kg2 Nf6 15. Nf4 Ng4 16. Re1 Qd8 17. c4 Bh6 18. Nd3 Qd6 19. Qc3 Re7 20. cxd5 Qxd5 21. Qb3 Qxb3 22. axb3 a6 23. Rac1 Rd8 24. Nfe5 Nxe5 25. Nxe5 Rd5 26. Nd3 Rb5 27. b4 Bf8 28. Rc5 Rb6 29. Rc4 Rd7 30. Kf3 Rd5 31. Ra1 Bd6 32. Ke2 Kf8 33. Kd2 Ke7 34. Ra4 Rbb5 35. Rc1 Rb6 36. Kc3 h5 37. Kc4 Bc7 38. Nc5 Bd6 39. Rc2 Bxc5 40. bxc5 Rb5 41. b4 Ke6 42. f3 Rd8 43. Re2 Re8 44. e4 Kd7 45. Raa2 fxe4 46. fxe4 Re7 47. d5 Re5 48. Rad2 Kc7 49. Ra2 Kd7 50. Kd4 Re8 51. Reb2 Rd8 52. Ra5 Ke7 53. Rxb5 axb5 54. d6+ Ke6 55. e5 Rd7 56. Rf2 f5 57. exf6 Rf7 58. Re2+ Kxf6 59. Rf2+ Ke6 60. Rxf7 Kxf7 61. Ke5 Ke8 62. Ke6 Kd8 63. d7 b6 64. cxb6 c5 65. bxc5 b4 66. c6 b3 67. b7 b2 68. b8=B b1=Q 69. c7# 1-0

[Event "10th LBHM Open 2024"]
[Site "Pune"]
[Date "2024.05.21"]
[Round "2.10"]
[White "Patil Omkar U"]
[Black "Koustuv Dash"]
[Result "0-1"]
[ECO "D36"]
[WhiteElo "1667"]
[BlackElo "2133"]
[PlyCount "66"]
[EventDate "2024.05.21"]
[EventType "swiss"]
[EventCountry "IND"]
[TimeControl "5400+30"]

1. d4 d5 2. c4 e6 3. Nc3 Nf6 4. Bg5 Be7 5. Nf3 O-O 6. e3 Nbd7 7. cxd5 exd5 8. Bd3 c6 9. O-O Re8 10. Qc2 Nf8 11. Ne5 N6d7 12. Bf4 Nxe5 13. Bxe5 Bd6 14. Bg3 Bxg3 15. hxg3 g6 16. Rfd1 Ne6 17. Rac1 h5 18. Ne2 Qf6 19. Nf4 Ng5 20. b4 Bd7 21. b5 Kg7 22. bxc6 bxc6 23. Be2 Rh8 24. Qb3 Ne4 25. Bf3 Bg4 26. Qa4 Rac8 27. Kf1 g5 28. Bxg4 hxg4 29. Nd3 Nxg3+ 30. Ke1 Ne4 31. Ke2 Rh2 32. Rg1 Rb8 33. Rcf1 Nc3+ 0-1

[Event "10th LBHM Open 2024"]
[Site "Pune"]
[Date "2024.05.21"]
[Round "3.1"]
[White "Borse Vaibhav"]
[Black "Ghosh, Diptayan"]
[Result "0-1"]
[ECO "B13"]
[WhiteElo "1752"]
[BlackElo "2564"]
[PlyCount "186"]
[EventDate "2024.05.21"]
[EventType "swiss"]
[EventCountry "IND"]
[TimeControl "5400+30"]

1. e4 c6 2. d4 d5 3. exd5 cxd5 4. Bd3 Nf6 5. c3 Bg4 6. Qb3 Qc7 7. h3 Bd7 8. Ne2 Nc6 9. Bf4 e5 10. dxe5 Nxe5 11. Bb5 Bd6 12. Nd2 O-O 13. Bxe5 Bxe5 14. Bxd7 Qxd7 15. O-O Rfe8 16. Rfe1 Bc7 17. Nf3 Bb6 18. Rad1 Ne4 19. Ned4 Rad8 20. Rf1 Qd6 21. Nf5 Qe6 22. N3d4 Qe5 23. Rfe1 Qf4 24. f3 Nf6 25. Ne7+ Kh8 26. Nxd5 Bxd4+ 27. cxd4 Rxe1+ 28. Rxe1 Qxd4+ 29. Ne3 Re8 30. Qc3 Qxc3 31. bxc3 Nd5 32. Kf2 Nxc3 33. Rc1 Rc8 34. Ke1 b5 35. a3 a5 36. Nd1 Re8+ 37. Kd2 Nxd1 38. Kxd1 g6 39. Rc5 Re3 40. Rxb5 Rxa3 41. Ke2 Ra2+ 42. Kf1 Kg7 43. Rb6 g5 44. Kg1 h5 45. h4 gxh4 46. Kh2 Ra1 47. Rc6 Ra4 48. Kh3 f6 49. Rc8 f5 50. Rc7+ Kg6 51. Rc8 Rf4 52. Rc6+ Kg5 53. Rc8 a4 54. Rh8 Rb4 55. Rg8+ Kf6 56. Rh8 Ke5 57. Rd8 Rd4 58. Rf8 Ke6 59. Rh8 Ke5 60. Rf8 Rf4 61. Rd8 Ke6 62. Rd3 Rc4 63. Rd8 Ke5 64. Rf8 Rd4 65. Rf7 Rb4 66. Rf8 Ke6 67. Rd8 Rc4 68. Rd3 Ke7 69. Rd5 Kf6 70. Rd8 Rb4 71. Rh8 Ke5 72. Rd8 Rf4 73. Kh2 Rd4 74. Rf8 Rd1 75. Re8+ Kf4 76. Ra8 Ra1 77. Rh8 Kg5 78. Rg8+ Kf6 79. Rh8 Kg6 80. Rg8+ Kf6 81. Rh8 a3 82. Rxh5 a2 83. Rh6+ Ke5 84. Ra6 Kf4 85. Ra3 Ke5 86. Ra8 Kd4 87. Rd8+ Ke3 88. Ra8 Kf2 89. Ra5 f4 90. Ra3 Ke2 91. Ra8 h3 92. gxh3 Kxf3 93. Ra7 Re1 0-1

[Event "10th LBHM Open 2024"]
[Site "Pune"]
[Date "2024.05.21"]
[Round "3.2"]
[White "Aronyak Ghosh"]
[Black "Nihaan Pohane"]
[Result "1-0"]
[ECO "D02"]
[WhiteElo "2536"]
[BlackElo "1740"]
[PlyCount "91"]
[EventDate "2024.05.21"]
[EventType "swiss"]
[EventCountry "IND"]
[TimeControl "5400+30"]

1. Nf3 Nf6 2. d4 d5 3. Bf4 g6 4. e3 Bg7 5. Nbd2 O-O 6. c3 c5 7. dxc5 a5 8. a4 Nc6 9. h3 Bd7 10. Be2 Re8 11. O-O e5 12. Bh2 h5 13. Bb5 Nh7 14. e4 Be6 15. Re1 d4 16. cxd4 exd4 17. Bd6 Bf8 18. e5 Bxd6 19. exd6 Ng5 20. Rc1 Rc8 21. Nxg5 Qxg5 22. Nf3 Qd5 23. Bxc6 Rxc6 24. Nxd4 Rxc5 25. Rxc5 Qxc5 26. Nxe6 fxe6 27. d7 Rd8 28. Rxe6 Rxd7 29. Re8+ Kg7 30. Qxd7+ Kh6 31. Rh8+ Kg5 32. Qb5 b6 33. Qxc5+ bxc5 34. Ra8 h4 35. Rxa5 Kf4 36. Rxc5 g5 37. a5 g4 38. Rc4+ Ke5 39. Rxg4 Kd5 40. a6 Kc6 41. Ra4 Kc7 42. a7 Kb6 43. a8=Q Kc7 44. Ra6 Kd7 45. Qb7+ Ke8 46. Ra8# 1-0